 Dungeon Crawl Stone Soup version 0.24.0-125-gc4c63601f3 (webtiles) character file.

Game seed: 7590261695347223243, levelgen mode: deterministic

19 Descartes the Scratcher (level 2, 0/12 HPs)
             Began as a Felid Transmuter on Feb 17, 2020.
             Slain by a worm (11 damage)
             ... on level 1 of the Dungeon.
             The game lasted 00:01:21 (1168 turns).

Descartes the Scratcher (Felid Transmuter)          Turns: 1168, Time: 00:01:22

Health: 0/12       AC:  1    Str:  6    XL:     2   Next: 55%
Magic:  6/6        EV: 18    Int: 14    God:
Gold:   50         SH:  0    Dex: 16    Spells: 4/5 levels left
                                        Lives:  0   Deaths: 0

rFire    . . .     SeeInvis +     - Unarmed
rCold    . . .     Gourm    .   (shield unavailable)
rNeg     . . .     Faith    .   (armour unavailable)
rPois    .         Spirit   .   (helmet unavailable)
rElec    .         Reflect  .   (cloak unavailable)
rCorr    .         Harm     .   (gloves unavailable)
MR       .....                  (boots unavailable)
Stlth    ++........             (no amulet)
HPRegen  0.04/turn              (no ring)
MPRegen  0.10/turn              (no ring)

@: quick
A: very small, no armour, no weapons or thrown items, stealth, claws 1, fangs 3,
see invisible, carnivore, speed 1, shaggy fur 1, slow metabolism 1, sharp paws
a: no special abilities


You were on level 1 of the Dungeon.
You were full.

You visited 1 branch of the dungeon, and saw 2 of its levels.

You collected 50 gold pieces.

Inventory:

Missiles
 a - 12 arrows
 d - 16 stones
Scrolls
 e - a scroll of identify {unknown}
Potions
 b - a potion of brilliance {unknown}
Comestibles
 c - 3 rations


   Skills:
 + Level 1.2 Fighting
 + Level 2.8 Dodging
 * Level 1.7 Stealth
 * Level 3.3 Unarmed Combat
 + Level 2.1 Spellcasting
 + Level 2.3 Transmutations


You had 4 spell levels left.
You knew the following spells:

 Your Spells              Type           Power        Failure   Level  Hunger
a - Beastly Appendage     Tmut           #.....       9%          1    ##.....

Your spell library contained the following spells:

 Spells                   Type           Power        Failure   Level  Hunger
 Sticks to Snakes         Tmut           #.......     14%         2    ###....
 Spider Form              Tmut/Pois      #.........   41%         3    ####...
 Ice Form                 Ice/Tmut       #.......     82%         4    #####..
 Blade Hands              Tmut           #.........   94%         5    ######.


Dungeon Overview and Level Annotations

Branches:
Dungeon (2/15)

Altars:


Innate Abilities, Weirdness & Mutations

You cannot wear armour.
You are incapable of wielding weapons or throwing items.
Your paws allow you to move quietly. (Stealth)
You have sharp claws.
You have razor-sharp teeth.
You have supernaturally acute eyesight. (SInv)
You are carnivorous and can eat meat at any time.
You cover ground quickly.
You are covered in fur. (AC +1)
You have a slow metabolism.
Your sharp claws are effective at attacking unaware monsters.


Message History

The stone completely misses you.
The stone hits the goblin.
The goblin hits you but does no damage.
A worm comes into view.
You scratch the goblin.
You kill the goblin!
A hobgoblin comes into view.
The goblin shoots a stone.
The stone barely misses you. The worm barely misses you.
You see here a stone.
There is a stone staircase leading up here.
You see here a stone.
The goblin shoots a stone.
The stone closely misses you.
The goblin shoots a stone.
The stone barely misses you.
You climb upwards.
There is a stone staircase leading down here.
You scratch the worm. You bite the worm, but do no damage.
The worm is lightly wounded.
The worm bites you!
Ouch! That really hurt!
You die...

# #...# #.#.###.# #
#.<.# #.#..##.# #...#
#.##.##.##############
#####
#.##..#.##...........#
#.###.#.##...........#
#.# #...##...........#
#.####..##...........#
#.#....w.'...........#
#.#.###@##...........#
#.#.# #########'#..###
#.#.# #.#..# #.#.#
#.#..#####
#.#.###########.#.......
#.#...........#.#.######
#.###########.#.#.######
#.# #.#.#...†... #.#
#.#.########


You could see a worm.

Vanquished Creatures
  A giant cockroach (D:1)
  5 goblins
  2 hobgoblins (D:1)
  4 bats (D:1)
  A frilled lizard (D:1)
  7 rats (D:1)
20 creatures vanquished.

Notes
Turn   | Place    | Note
-------+----------+-------------------------------------------
     0 | D:1      | Descartes the Felid Transmuter began the quest for the Orb.
     0 | D:1      | Reached XP level 1. HP: 9/9 MP: 4/4
   301 | D:1      | Reached skill level 1 in Stealth
   343 | D:1      | Reached XP level 2. HP: 11/12 MP: 6/6
  1168 | D:1      | Slain by a worm

Levels and vault maps discovered:
D:1:      dpeg_arrival_erosion, layout_basic
D:2:      layout_rooms, nicolae_dithmenos_through_a_glass_darkly, first_ration,
          uniq_terence

Skill      XL: |  1 |
---------------+----+-----
Stealth        | 1 |  1.7
Fighting       | |  1.2
Dodging        | |  2.8
Unarmed Combat | |  3.3
Spellcasting   | |  2.1
Transmutations | |  2.3

Action                   || total
-------------------------++-------
Melee: Unarmed           ||    38
       Bite              ||     3
 Stab: Sleeping          ||     7
  Eat: Chunk             ||     4
Armor: Skin              ||     2
Dodge: Dodged            ||    36
